 Dungeon Crawl Stone Soup version 0.23.2-32-g37ab1d4649 (webtiles) character file.

Game seed: 5233412489779179217

118 EcosseEcosse the Covered (level 4, -4/40 HPs)
             Began as a Minotaur Fighter on June 25, 2019.
             Slain by a gnoll
             ... wielding a +0 spear
              (7 damage)
             ... on level 4 of the Dungeon.
             The game lasted 00:03:14 (1268 turns).

EcosseEcosse the Covered (Minotaur Fighter)         Turns: 1268, Time: 00:03:14

Health: -4/40      AC:  7    Str: 25    XL:     4   Next: 72%
Magic:  3/3        EV:  8    Int:  5    God:
Gold:   93         SH: 10    Dex: 11    Spells: 3/3 levels left

rFire    + . .     SeeInvis .   a - +0 war axe
rCold    x . .     Gourm    .   c - +0 shield
rNeg     . . .     Faith    .   b - +0 scale mail
rPois    .         Spirit   .   (helmet restricted)
rElec    .         Reflect  .   (no cloak)
rCorr    .         Harm     .   (no gloves)
MR       .....                  (no boots)
Stlth    ..........             (no amulet)
HPRegen  0.13/turn              l - ring of fire
MPRegen  0.08/turn              (no ring)

@: mighty
A: retaliatory headbutt, horns 2
a: no special abilities


You were on level 4 of the Dungeon.
You were not hungry.

You visited 1 branch of the dungeon, and saw 3 of its levels.

You collected 93 gold pieces.

Inventory:

Hand Weapons
 a - a +0 war axe (weapon)
Armour
 b - a +0 scale mail (worn)
 c - a +0 shield (worn)
Jewellery
 h - an uncursed amulet of magic regeneration
 l - a ring of fire (left hand)
 q - an uncursed ring of protection from cold {unknown}
Wands
 p - a wand of flame (25)
Scrolls
 k - a scroll of teleportation {unknown}
 m - a scroll of enchant weapon {unknown}
 n - a scroll of blinking {unknown}
 r - a scroll of remove curse {unknown}
Potions
 e - a potion of haste {unknown}
 g - 2 potions of magic
 i - a potion of heal wounds {unknown}
 j - a potion of degeneration {unknown}
 o - a potion of mutation {unknown}
Comestibles
 f - 3 rations
 s - 3 chunks of flesh


   Skills:
 + Level 4.1 Fighting
 + Level 4.2 Axes
 + Level 4.4 Armour
 + Level 1.1 Dodging
 + Level 0.1 Stealth
 + Level 4.3 Shields


You had 3 spell levels left.
You didn't know any spells.
Your spell library was empty.

Dungeon Overview and Level Annotations

Branches:
Dungeon (2/15)

Altars:


Innate Abilities, Weirdness & Mutations

You reflexively headbutt those who attack you in melee.
You have a pair of horns on your head.


Message History

You block the gnoll's attack.
The gnoll hits you from afar with a +0 spear.
You barely miss the gnoll. You headbutt the gnoll!
The gnoll is severely wounded.
The gnoll hits you with a +0 whip.
* * * LOW HITPOINT WARNING * * *
You block the gnoll's attack.
Unknown command.
The gnoll hits you with a +0 whip.
* * * LOW HITPOINT WARNING * * *
The gnoll hits you from afar with a +0 spear.
* * * LOW HITPOINT WARNING * * *
You feel very mighty all of a sudden. The gnoll barely misses you.
You block the gnoll's attack.
You barely miss the gnoll. You headbutt the gnoll.
You kill the gnoll!
The gnoll hits you from afar with a +0 spear.
* * * LOW HITPOINT WARNING * * *
The gnoll hits you from afar with a +0 spear!
You die...

##.... #. ##. ....# .
... ....# #.#.# ....#
##### .#.##
....###...## ...
.....#.#.#.########.#
#.##..#)#).......##.#
#........)....##.##.#
####..#.#)..#...@)g.#
####.#.#.#.#####.####
.....##..........#
################## #
## .# .# .#


You could see a gnoll.

Vanquished Creatures
  An orc priest (D:4)
  An orc wizard (D:4)
  2 gnolls (D:4)
  An adder (D:2)
  2 worms (D:2)
  A dart slug (D:2)
  2 orcs (D:4)
  2 bats (D:2)
  A giant cockroach (D:1)
  A goblin (D:1)
  2 hobgoblins
  3 kobolds
  2 quokkas
  A rat (D:1)
22 creatures vanquished.

Notes
Turn   | Place    | Note
-------+----------+-------------------------------------------
     0 | D:1      | EcosseEcosse the Minotaur Fighter began the quest for the
                  | Orb.
     0 | D:1      | Reached XP level 1. HP: 19/19 MP: 0/0
   771 | D:2      | Reached XP level 2. HP: 18/27 MP: 1/1
   860 | D:2      | Reached XP level 3. HP: 26/33 MP: 2/2
   979 | D:2      | You fall through a shaft for 2 floors!
  1220 | D:4      | Reached XP level 4. HP: 29/40 MP: 3/3
  1221 | D:4      | Reached skill level 1 in Dodging
  1268 | D:4      | Slain by a gnoll

Skill      XL: |  1  2  3  4 |
---------------+-------------+-----
Fighting       | 4 |  4.1
Armour         | 4 |  4.4
Shields        | 4 |  4.3
Axes           | 3 4 |  4.2
Dodging        | 1 |  1.1
Stealth        | |  0.1

Action                   |  1- 3 |  4- 6 || total
-------------------------+-------+-------++-------
Melee: War axe           |    53 |    10 ||    63
       Headbutt          |    10 |     5 ||    15
  Use: Scroll            |     4 |       ||     4
       Potion            |       |     1 ||     1
  Eat: Chunk             |       |     1 ||     1
Armor: Scale mail        |    22 |     2 ||    24
Dodge: Dodged            |    16 |     6 ||    22
Block: Shield            |    29 |    10 ||    39
